Map: Ulrena

Players

Grumm

  • Race: Zerg Zerg
  • League: Gold

SPSoreArse - Winner!

  • Race: Zerg Zerg
  • League: Platinum

VOD

Have the link to the VOD?

Description

Time

  • Played on: Jan. 13, 2016, 2:09 a.m.
  • Length: 3:31
Show
View Real Time Build Order
Export as new Build Order

Grumm Zerg 

Build Orders: Pool First 

Get SALT Encoding   

  12  0:01  Drone  
  13  0:23  Spawning Pool  
  13  0:26  Drone  
  13  0:34  Drone  
  14  0:56  Overlord  
  14  1:06  Extractor  
  13  1:16  Hatchery  
  13  1:17  Zergling x2  
  13  1:18  Zergling x2  
  14  1:21  Extractor  
  14  1:22  Zergling x2  
  15  1:39  Zergling x2  
  16  1:42  Queen  
  18  1:56  Drone x2  
  20  2:26  Drone  
  20  2:27  Drone  
  19  2:39  Drone x2  
  20  2:44  Drone x2  
  22  2:52  Zergling x4  
  24  3:00  Spine Crawler  
  24  3:03  Spine Crawler  
  22  3:06  Zergling x4  
  21  3:26  Spine Crawler  
Show
View Real Time Build Order
Export as new Build Order

SPSoreArse Zerg - Winner!

Build Orders: Hatch First 

Get SALT Encoding   

  12  0:01  Drone  
  13  0:13  Overlord  
  13  0:18  Drone  
  14  0:31  Drone x2  
  14  0:35  Drone  
  17  0:55  Hatchery  
  17  0:56  Drone  
  17  0:58  Extractor  
  17  1:01  Drone  
  17  1:17  Spawning Pool  
  16  1:19  Drone  
  16  1:24  Drone  
  18  1:33  Drone  
  19  1:43  Drone  
  20  1:50  Overlord  
  20  2:05  Queen  
  20  2:06  Metabolic Boost  
  20  2:08  Zergling x4  
  22  2:19  Spine Crawler  
  13  2:31  Zergling x6  
  12  2:48  Drone  
  14  2:58  Drone  
  14  3:00  Drone  
  15  3:08  Drone  
  16  3:19  Drone  
Tags
 
Add a new tag
Caveats
  • Supply blocks, unpowered buildings, or Contaminate may cause inaccurate times.
  • Supply counts are checked every 10 seconds.